Map: New Gettysburg LE

Players

scplayeer

  • Race: Protoss Protoss
  • League: Gold

Nickos - Winner!

  • Race: Terran Terran
  • League: Gold

VOD

Have the link to the VOD?

Description

Time

  • Played on: Sept. 21, 2016, 8:08 a.m.
  • Length: 12:20
Show
View Real Time Build Order
Export as new Build Order

scplayeer Protoss 

Build Orders: 1 Gate Expand 

Get SALT Encoding   

  12  0:01  Probe (Chrono Boost)  
  13  0:11  Probe (Chrono Boost)  
  14  0:20  Pylon  
  14  0:22  Probe (Chrono Boost)  
  15  0:29  Assimilator  
  15  0:41  Gateway  
  15  0:43  Probe (Chrono Boost)  
  16  0:54  Probe (Chrono Boost)  
  17  1:04  Probe (Chrono Boost)  
  18  1:27  Nexus  
  18  1:38  Cybernetics Core  
  18  1:44  Probe (Chrono Boost)  
  19  1:55  Probe (Chrono Boost), Pylon  
  20  2:07  Gateway  
  20  2:15  Mothership Core (Chrono Boost)  
  22  2:20  Warp Gate, Stalker  
  24  2:41  Probe (Chrono Boost)  
  25  2:45  Gateway  
  25  2:49  Probe (Chrono Boost)  
  26  2:51  Probe (Chrono Boost)  
  27  2:59  Stalker  
  29  3:06  Pylon  
  31  3:25  Probe x2 (Chrono Boost)  
  34  3:37  Probe (Chrono Boost)  
  34  3:40  Probe (Chrono Boost)  
  32  3:44  Assimilator  
  32  3:51  Robotics Facility  
  32  3:53  Twilight Council  
  34  3:56  Probe (Chrono Boost)  
  34  3:57  Probe (Chrono Boost)  
  34  4:08  Probe (Chrono Boost)  
  34  4:09  Probe (Chrono Boost)  
  36  4:20  Probe (Chrono Boost)  
  36  4:23  Nexus  
  37  4:30  Resonating Glaives, Stalker  
  39  4:37  Observer  
  41  4:46  Probe (Chrono Boost)  
  41  4:48  Assimilator  
  41  4:50  Assimilator  
  42  4:53  Probe (Chrono Boost)  
  42  4:57  Warp Prism, Pylon  
  42  4:59  Probe (Chrono Boost)  
  43  5:07  Probe (Chrono Boost)  
  46  5:12  Gateway  
  46  5:16  Adept x2  
  46  5:19  Adept  
  52  5:24  Probe (Chrono Boost)  
  52  5:26  Probe (Chrono Boost)  
  54  5:43  Immortal  
  54  5:46  Stalker x3  
  64  5:55  Probe x2 (Chrono Boost)  
  66  6:05  Blink  
  66  6:17  Immortal  
  66  6:24  Probe (Chrono Boost)  
  73  6:25  Probe (Chrono Boost), Zealot  
  73  6:26  Probe (Chrono Boost), Zealot  
  73  6:29  Pylon  
  77  6:39  Pylon  
  77  6:49  Probe (Chrono Boost)  
  70  6:56  Robotics Bay  
  70  6:58  Zealot x3  
  70  6:59  Zealot  
  78  7:08  Probe x2 (Chrono Boost)  
  80  7:19  Gateway  
  80  7:20  Gateway, Immortal  
  80  7:22  Gateway  
  84  7:34  Sentry  
  84  7:35  Sentry x3  
  92  7:41  Pylon  
  93  7:44  Probe (Chrono Boost)  
  93  7:54  Pylon  
  93  7:59  Pylon  
  93  8:00  Stalker x2  
  93  8:01  Stalker x2  
  99  8:25  Stalker  
  99  8:26  Stalker x2  
  87  8:32  Stalker  
  77  8:38  Mothership Core (Chrono Boost)  
  75  8:46  Disruptor  
  75  8:50  Probe (Chrono Boost)  
  79  9:01  Robotics Facility  
  81  9:03  Probe x2 (Chrono Boost)  
  81  9:05  Assimilator  
  81  9:06  Gravitic Drive  
  81  9:10  Probe (Chrono Boost), Assimilator  
  81  9:15  Probe (Chrono Boost)  
  83  9:17  Warp Prism  
  83  9:22  Templar Archives  
  85  9:29  Probe (Chrono Boost), Forge x2  
  86  9:38  Probe (Chrono Boost)  
  87  9:51  Robotics Facility  
  89  9:52  Probe (Chrono Boost)  
  89  9:53  Probe (Chrono Boost)  
  89  9:59  Adept  
  91  10:00  Adept x2  
  91  10:01  Adept  
  91  10:03  Protoss Ground Weapons Level 1, Protoss Ground Armor Level 1  
  97  10:07  Disruptor x2  
  103  10:16  Psionic Storm, Zealot x3  
  109  10:31  Nexus  
  109  10:46  Pylon x2  
  109  10:59  Disruptor  
  113  11:04  Stalker x3  
  113  11:05  Probe (Chrono Boost), Stalker x3  
  120  11:15  Stalker  
  87  11:28  Stalker x3  
  87  11:29  Stalker x3  
  87  11:41  Stalker  
  86  11:54  Stalker x3  
  86  11:55  Stalker x2  
  74  12:01  Mothership Core (Chrono Boost)  
  74  12:05  Stalker  
Show
View Real Time Build Order
Export as new Build Order

Nickos Terran - Winner!

Build Orders:  

Get SALT Encoding   

  12  0:01  SCV  
  13  0:13  SCV  
  14  0:19  Supply Depot  
  14  0:25  SCV  
  15  0:41  Barracks, SCV  
  16  0:53  SCV  
  17  1:05  SCV  
  18  1:17  SCV  
  19  1:20  Command Center  
  19  1:30  Orbital Command  
  19  1:33  Marine  
  20  1:44  Barracks  
  20  2:00  SCV  
  21  2:04  Supply Depot  
  21  2:11  Marine  
  21  2:12  SCV  
  23  2:26  SCV  
  23  2:28  Refinery, Barracks  
  24  2:33  Orbital Command  
  24  2:38  SCV  
  24  2:41  Marine x2  
  27  2:50  SCV  
  28  2:51  Refinery  
  27  3:01  SCV  
  27  3:02  SCV  
  29  3:09  Bunker  
  29  3:11  Marine  
  30  3:13  Barracks Tech Lab, SCV  
  30  3:14  SCV  
  32  3:21  Barracks Reactor  
  32  3:25  SCV  
  33  3:27  Supply Depot  
  33  3:28  SCV  
  33  3:32  Barracks Reactor  
  34  3:37  SCV  
  34  3:40  SCV  
  36  3:50  Stimpack, SCV  
  36  3:52  Supply Depot, SCV  
  36  3:54  Marauder  
  40  3:59  Marine x2  
  40  4:02  SCV  
  43  4:04  SCV  
  43  4:08  Marine x2  
  46  4:14  Factory, Supply Depot, SCV  
  46  4:15  Marine  
  46  4:16  SCV  
  49  4:17  Marine  
  49  4:20  Marine  
  51  4:26  Marine, SCV  
  51  4:30  SCV  
  51  4:31  Marine  
  54  4:33  Marauder  
  54  4:36  Barracks  
  54  4:37  Barracks, Supply Depot  
  54  4:38  SCV  
  58  4:39  Engineering Bay  
  58  4:42  Engineering Bay, SCV  
  58  4:44  Marine x2  
  61  4:45  Marine  
  61  4:50  SCV  
  63  4:53  Marine  
  63  4:54  SCV  
  63  4:55  Marauder  
  63  4:59  Factory Reactor  
  67  5:02  Starport, SCV  
  67  5:05  Marine  
  67  5:06  SCV  
  70  5:08  Terran Infantry Weapons Level 1  
  70  5:14  SCV  
  70  5:16  Marine x3  
  70  5:18  Marauder, SCV  
  77  5:26  Supply Depot  
  77  5:28  Supply Depot, Barracks Reactor  
  77  5:29  Barracks Tech Lab  
  77  5:31  SCV x2  
  79  5:44  Terran Infantry Armor Level 1  
  79  5:46  Marine x4  
  82  5:56  SCV x2  
  84  5:58  Marauder x2  
  84  6:00  Supply Depot  
  84  6:03  Supply Depot  
  86  6:14  Command Center, Marine x3  
  86  6:16  Marine  
  89  6:29  SCV x2  
  91  6:38  Marine x2  
  91  6:39  Marine  
  94  6:40  Supply Depot  
  94  6:41  SCV x2  
  96  6:53  Marine x2, SCV x2  
  96  6:54  Marine x2  
  99  6:56  Medivac  
  99  6:59  Medivac  
  105  7:03  Supply Depot  
  105  7:04  Marine  
  106  7:14  SCV x2  
  108  7:24  Armory, Marine  
  108  7:25  Medivac  
  108  7:26  SCV x2  
  113  7:34  Marine x4  
  113  7:35  Marauder  
  119  7:39  Supply Depot  
  119  7:40  SCV x2  
  121  7:49  Marine  
  121  7:50  Marauder, Marine  
  125  7:53  Marine x2  
  125  7:56  SCV  
  125  7:57  Marauder  
  130  8:03  Planetary Fortress  
  130  8:04  SCV  
  131  8:08  SCV  
  131  8:11  Marine x4  
  131  8:12  Marine x2  
  138  8:15  Marine  
  138  8:16  SCV  
  138  8:18  Marine  
  119  8:32  Marine x3  
  119  8:33  Marine x2  
  96  8:42  Marine x3  
  99  8:49  Medivac  
  99  8:54  Marine x4  
  99  8:55  Marine  
  106  9:00  Marine  
  106  9:01  Marauder x2  
  111  9:06  Supply Depot  
  111  9:07  Supply Depot  
  111  9:10  Liberator  
  111  9:12  Refinery, Marine  
  111  9:13  Refinery  
  111  9:17  Marine x4  
  112  9:22  Marauder x2  
  120  9:28  Liberator, Command Center  
  120  9:31  Command Center  
  123  9:33  Marine  
  123  9:34  Marine x2  
  123  9:36  Marine x3  
  129  9:39  Supply Depot  
  129  9:41  Missile Turret  
  129  9:43  Marauder  
  129  9:44  Marauder  
  136  9:51  Marine x2  
  138  9:55  SCV x2  
  138  9:56  SCV  
  138  9:59  Liberator  
  141  10:01  Missile Turret  
  141  10:05  Marauder  
  143  10:14  Marine  
  143  10:15  Marine x4  
  143  10:18  Marauder  
  153  10:26  Marauder, Marine  
  156  10:32  Marine  
  157  10:39  Marauder  
  157  10:41  Marine  
  157  10:42  Marine x3  
  163  10:44  Supply Depot, Marine  
  163  10:48  SCV x3, Missile Turret, Marauder  
  169  10:59  Marine x2  
  169  11:00  Marauder, Marine x2  
  175  11:05  Marine x2  
  175  11:08  Missile Turret, Marine  
  171  11:17  Marine x3  
  171  11:18  Marine  
  164  11:21  Marine  
  164  11:23  Marine x2  
  167  11:26  Marine  
  167  11:31  Medivac  
  167  11:32  Medivac  
  170  11:35  Marine  
  170  11:37  Marine x3  
  176  11:40  Marauder  
  176  11:45  Marauder  
  178  11:49  Marine x2  
  178  11:53  Marine  
  165  11:54  Marine  
  165  11:55  Marine x2  
  168  12:05  Supply Depot  
Tags
 
Add a new tag
Caveats
  • Supply blocks, unpowered buildings, or Contaminate may cause inaccurate times.
  • Supply counts are checked every 10 seconds.